 Dungeon Crawl Stone Soup version 0.17-a0-1793-gcbb3aa1 (console) character file.

20 lauthentik the Skirmisher (level 2, 3/24 HPs)
             Began as a Demonspawn Abyssal Knight on Sept 9, 2015.
             Was a Follower of Lugonu.
             Quit the game on level 1 of the Dungeon.
             The game lasted 00:04:52 (485 turns).

lauthentik the Skirmisher (DsAK)                     Turns: 485, Time: 00:04:52

Health: 3/24       AC:  6    Str: 12      XL:     2   Next: 58%
Magic:  3/4        EV: 10    Int: 13      God:    Lugonu [*.....]
Gold:   120        SH:  0    Dex: 11 (12) Spells: 0 memorised, 1 level left

rFire  . . .     SeeInvis .     a - +1 hand axe
rCold  . . .     Clarity  .     f - +0 ring mail (curse)
rNeg   . . .     SustAt   .     (no shield)
rPois  .         Gourm    .     (no helmet)
rElec  .         Spirit   .     (no cloak)
rCorr  .         Warding  .     (no gloves)
rMut   .         Rnd*Tele +     (no boots)
MR     .....                    (no amulet)
Stlth  +.........               (no ring)
                                g - ring of teleportation (curse)

@: not resistant to hostile enchantments, very unstealthy
A: molten scales 1
a: Depart the Abyss, Renounce Religion, Evoke Teleportation


You were on level 1 of the Dungeon.
You worshipped Lugonu.
Lugonu was aware of your devotion.
You were not hungry.

You visited 1 branch of the dungeon, and saw 1 of its levels.
You visited the Abyss 1 time.

You collected 120 gold pieces.

Inventory:

Hand weapons
 a - a +1 hand axe (weapon)
Missiles
 l - 4 tomahawks (quivered)
Armour
 b - a +0 leather armour
 f - a cursed +0 ring mail (worn)
Jewellery
 g - a cursed ring of teleportation (left hand)
Scrolls
 d - 5 scrolls of identify
 e - 2 scrolls of amnesia
Potions
 h - a potion of agility {unknown}
 i - 2 potions of brilliance {unknown}
 j - a potion of resistance {unknown}
 k - a potion of haste {unknown}
Comestibles
 c - a bread ration
 m - 2 chunks of flesh


   Skills:
 + Level 3.3 Fighting
 + Level 1.7 Axes
 + Level 0.1 Throwing
 + Level 1.9 Armour
 + Level 1.4 Dodging
 + Level 2.8 Invocations


You had one spell level left.
You didn't know any spells.

Dungeon Overview and Level Annotations

Branches:
Dungeon (1/15)

Altars:


Innate Abilities, Weirdness & Mutations

You are partially covered in molten scales (AC +1).


Message History

You kill the jackal!
Lugonu accepts your kill. The jackal closely misses you.
You closely miss the jackal.
The jackal bites you but does no damage.
The jackal bites you.
* * * LOW HITPOINT WARNING * * *
You hit the jackal.
The jackal is moderately wounded.
The jackal bites you.
* * * LOW HITPOINT WARNING * * *
The jackal closely misses you.
You slash the jackal!
You kill the jackal!
Lugonu accepts your kill.
You slash the giant gecko!
You kill the giant gecko!
Lugonu accepts your kill.
You see here a jackal corpse.
Are you sure you want to abandon this character and quit the game? (Confirm with "yes".)

.. ...# ##.. ##..........## ..
...####...##............# .#
.....#.....#............# .###
.....#.....#............#
...####...#%..................##
#.........##............##...##
....###†..##........##########
..#.# #(##.......### ..#.#
.(......@## ..#..
##.#.#......... .....#
.(...#....... ...... .....#
#...... ##..... #.###. ......
#..... . .! ...... #.###.. ##
..... .....


There were no monsters in sight!

Vanquished Creatures
  A giant gecko (D:1)
  A ball python (D:1)
  2 hobgoblins (D:1)
  2 jackals (D:1)
  2 bats (D:1)
  A giant newt (D:1)
  5 goblins (D:1)
  2 kobolds (D:1)
  2 rats (D:1)
18 creatures vanquished.

Notes
Turn   | Place    | Note
--------------------------------------------------------------
     0 | Abyss:1  | lauthentik the Demonspawn Abyssal Knight began the quest for the Orb.
     0 | Abyss:1  | Reached XP level 1. HP: 18/18 MP: 2/2
    99 | Abyss:2  | Noticed a quasit
   108 | Abyss:2  | Noticed an apocalypse crab
   110 | D:1      | Escaped the Abyss
   131 | D:1      | Reached skill level 1 in Dodging
   282 | D:1      | Acquired Lugonu's first power
   300 | D:1      | Gained mutation: You are partially covered in molten scales (AC +1). [demonic ancestry]
   300 | D:1      | Reached XP level 2. HP: 1/24 MP: 3/3
   485 | D:1      | Quit the game

Vault maps used:
D:1:      saegor_arrival_simple_f, hangedman_glass_teeth, serial_bayou_pond_d,
          serial_bayou_pond_e, hangedman_abyss_or_decor_lesser_grid

Action                   || total
-------------------------++-------
Melee: Hand axe          ||    62
Throw: Tomahawk          ||     3
Invok: Depart the Abyss  ||     1
  Use: Scroll            ||     1
